 Seeded DCSS version 0.30-a0-883-g5ad918d77d (webtiles) character file.

Game seed: 15748772131455733785 (custom seed)

8043 Parcival the Protected (level 11, 0/100 HPs)
             Began as a Minotaur Fighter on Mar 17, 2023.
             Was a Believer of Ashenzari.
             Slain by a bunyip (glowing shapeshifter) (25 damage)
             ... on level 9 of the Dungeon.
             The game lasted 00:15:29 (9430 turns).

Parcival the Protected (Minotaur Fighter)           Turns: 9430, Time: 00:15:30

Health: 0/100      AC: 17    Str: 34    XL:     11   Next: 4%
Magic:  10/10      EV:  7    Int:  8    God:    Ashenzari [**....]
Gold:   1533       SH: 10    Dex: 10    Spells: 10/10 levels left

rFire   . . .      SeeInvis +    x - +3 flail (chaos)
rCold   . . .      Faith    .    r - +0 kite shield of Ashenzari's Pleiades {Self, Fort} (curse)
rNeg    . . .      Spirit   .    e - +1 plate armour
rPois   +          Reflect  .    (helmet restricted)
rElec   .          Rampage  .    F - scarf of Baldness {Str+3 Int+3}
rCorr   .                        q - +0 pair of gloves
Will    .....                    (no boots) Stlth
                                 (no amulet)
HPRegen 0.36/turn                h - ring "Enigmatic Sorrow" {Str+6, Elem, Melee} (curse)
MPRegen 0.12/turn                l - ring of the Sublime Augur {rPois, Elem, Bglg} (curse)

@: slowed, very slow
A: horns 2, retaliatory headbutt
a: Renounce Religion, Shatter the Chains


You were on level 9 of the Dungeon.
You worshipped Ashenzari.
Ashenzari was pleased with you.
You visited 2 branches of the dungeon, and saw 10 of its levels.
You also visited: Bailey.

You collected 1533 gold pieces.

Inventory:

Hand Weapons
 a - a +0 long sword
 k - a +0 broad axe
 x - a +3 flail of chaos (weapon)
 y - a +0 great mace of protection
Armour
 b - a +0 scale mail
 c - a +0 buckler
 e - a +1 plate armour (worn)
 q - a +0 pair of gloves (worn)
 r - the cursed +0 kite shield of Ashenzari's Pleiades (worn) {Self, Fort}
   (You found it on level 4 of the Dungeon)

   It has a curse which improves the following skills: Introspection: Fighting
   and Spellcasting.
   Fortitude: Armour and Shields.
 F - the scarf of Baldness (worn) {Str+3 Int+3}
   (You acquired it in a bailey)

   Str:       It affects your strength (+3).
   Int:       It affects your intelligence (+3).
Jewellery
 h - the cursed ring "Enigmatic Sorrow" (left hand) {Str+6, Elem, Melee}
   (You found it on level 1 of the Dungeon)

   [ring of strength]

   Str:       It affects your strength (+6).
   It has a curse which improves the following skills: Elements: Fire Magic, Ice
   Magic, Air Magic and Earth Magic.
   Melee Combat: Short Blades, Long Blades, Axes, Maces & Flails, Polearms,
   Staves and Unarmed Combat.
 l - the cursed ring of the Sublime Augur (right hand) {rPois, Elem, Bglg}
   (You found it on level 2 of the Dungeon)

   [ring of poison resistance]

   rPois:     It protects you from poison.
   It has a curse which improves the following skills: Elements: Fire Magic, Ice
   Magic, Air Magic and Earth Magic.
   Beguiling: Conjurations, Hexes and Translocations.
Wands
 m - a wand of polymorph (31)
 n - a wand of acid (9)
 t - a wand of flame (35)
 w - a wand of mindburst (20)
 z - a wand of roots (12)
Scrolls
 g - 2 scrolls of fog
 p - a scroll of blinking
 s - a scroll of fear
 A - 3 scrolls of identify
 B - a scroll of magic mapping
 C - 5 scrolls of teleportation
 D - a scroll of amnesia
Potions
 d - 3 potions of might
 f - a potion of heal wounds
 i - 4 potions of brilliance
 j - 4 potions of mutation
 o - a potion of lignification
 u - 2 potions of ambrosia
 v - 2 potions of curing
 E - a potion of haste
 H - a potion of resistance
 I - a potion of flight
 J - a potion of berserk rage
 K - a potion of invisibility
Miscellaneous
 G - a phial of floods


   Skills:
 + Level 9.0(10.3) Fighting
 + Level 2.9(4.0) Long Blades
 + Level 9.6(12.5) Axes
 + Level 10.1(12.8) Maces & Flails
 + Level 10.4(11.6) Armour
 + Level 1.6 Dodging
 + Level 1.2 Stealth
 + Level 7.9(9.2) Shields


You had 10 spell levels left.
You didn't know any spells.
Your spell library contained the following spells:

 Spells                   Type           Power      Damage    Failure   Level
 Magic Dart               Conj           0%         1d3       99%         1
 Slow                     Hex            0%         N/A       99%         1
 Call Imp                 Summ           0%         N/A       100%        2
 Confusing Touch          Hex            0%         N/A       100%        3
 Ignite Poison            Fire/Tmut/Pois 0%         N/A       100%        3
 Kindle Blastsparks       Fire/Tloc/Air  0%         2d10      100%        3
 Mephitic Cloud           Conj/Pois/Air  0%         N/A       100%        3
 Vampiric Draining        Necr           0%         2d6       100%        3
 Freezing Cloud           Conj/Ice/Air   0%         6-21      100%        5


Dungeon Overview and Level Annotations

Branches:
Dungeon (9/15)             Temple (1/1) D:4          Bailey (visited)
   Lair: D:8-11         Orc: D:9-12

Altars:
Ashenzari
Cheibriados
Dithmenos
Elyvilon
Fedhas
Gozag
Hepliaklqana
Kikubaaqudgha
Makhleb
Nemelex Xobeh
Okawaru
Qazlal
Ru
Sif Muna
Trog
Uskayaw
Vehumet
Wu Jian
Xom
Yredelemnul
Zin
The Shining One

Shops:
D:8 :

Annotations:
D:9 exclusion: oklob plant


Innate Abilities, Weirdness & Mutations

You have a pair of horns on your head.
You reflexively headbutt those who attack you in melee.


Message History

The satyr hits you!
You closely miss the satyr.
The satyr is lightly wounded.
The satyr hits you!
You hit the satyr. You freeze the satyr.
The satyr is moderately wounded.
The satyr changes into an ettin!
You barely miss the ettin.
You headbutt the ettin, but do no damage.
The ettin is lightly wounded.
You block the ettin's attack. x2
You bludgeon the ettin!!
The ettin appears confused.
You headbutt the ettin.
The ettin is moderately wounded.
You sock the ettin!
The ettin resists with almost no effort.
Your headbutt misses the ettin.
The ettin is heavily wounded.
The ettin changes into a great orb of eyes!
You thump the great orb of eyes!
The great orb of eyes seems to grow stronger.
The great orb of eyes is lightly wounded.
The great orb of eyes bites you!!
* * * LOW HITPOINT WARNING * * *
Okay, then.
You feel much better.
The great orb of eyes completely misses you.
You hit the great orb of eyes but do no damage.
The great orb of eyes goes berserk!
The great orb of eyes is lightly wounded.
The great orb of eyes bites you but does no damage.
You block the great orb of eyes's attack.
You hit the great orb of eyes but do no damage.
The great orb of eyes is lightly wounded.
The great orb of eyes changes into a bunyip!
You bludgeon the bunyip!!
The bunyip is moderately wounded.
The bunyip claws you!
* * * LOW HITPOINT WARNING * * *
The bunyip completely misses you. The bunyip claws you!!
You die...

#........#............# *
#........#............#
#........#............# *
#........#.....#########
*
#........#.....#.......#,
, ,
#........'.....#.......#
#........#######.......#
, *,
#......................#
,
#.....)....##.@x.......#
*
#.........)##...........
,
#)......................
,
#.#####.................
, #.# #..........)......
#.#####.................
, ,
#.......................
,
########################
*


You could see a bunyip shaped shifter.

Vanquished Creatures
  An orc warlord (Bailey)
  Erica (D:9)
  The ghost of Dil the Cleaver, a novice MiBe of Trog (D:6)
  The ghost of Parcival the Chopper, an amateur MiFi (D:3)
  Prince Ribbit (D:7)
  4 yaks (D:7)
  A vampire (D:8)
  An acid dragon (D:9)
  3 water moccasins
  4 sky beasts
  4 ice beasts
  12 orc warriors
  An ogre (D:5)
  2 phantoms (D:4)
  2 centaurs
  A kobold brigand (D:5)
  3 bullfrogs
  2 scorpions (D:5)
  11 wights
  5 killer bees (D:9)
  A howler monkey (D:8)
  A crimson imp (D:5)
  6 hounds
  4 orc priests
  A sleepcap (D:5)
  3 iguanas
  Ijyb (D:3)
  Natasha (thrice) (D:3)
  8 orc wizards
  7 adders
  14 gnolls
  A shadow imp (D:7)
  A white imp (D:6)
  2 ufetubi (D:6)
  2 worms (D:2)
  4 dart slugs
  31 orcs
  12 endoplasms
  4 giant cockroaches
  11 goblins
  15 hobgoblins
  11 jackals
  A quokka (D:2)
  8 ball pythons
  2 bats
  4 frilled lizards
  8 kobolds
  5 rats
232 creatures vanquished.

Notes
Turn   | Place    | Note
-------+----------+-------------------------------------------
     0 | D:1      | Parcival the Minotaur Fighter began the quest for the Orb.
     0 | D:1      | Reached XP level 1. HP: 19/19 MP: 0/0
   297 | D:1      | HP: 1/20 [ball python (1)]
   300 | D:1      | Reached XP level 2. HP: 3/27 MP: 1/1
  1089 | D:2      | Reached XP level 3. HP: 32/33 MP: 2/2
  1095 | D:2      | Reached skill level 1 in Axes
  1436 | D:2      | Reached XP level 4. HP: 34/40 MP: 3/3
  1765 | D:2      | Reached skill level 5 in Armour
  1824 | D:2      | Found a faded altar of an unknown god.
  2288 | D:3      | Found a runed translucent door.
  2554 | D:3      | Reached XP level 5. HP: 46/46 MP: 4/4
  2617 | D:3      | Noticed Ijyb
  2618 | D:3      | Noticed Natasha
  2629 | D:3      | Killed Natasha
  2631 | D:3      | Killed Ijyb
  2954 | D:3      | Noticed Parcival's ghost (amateur MiFi)
  2962 | D:3      | Killed Parcival's ghost
  2963 | D:3      | Reached XP level 6. HP: 18/53 MP: 5/5
  3150 | D:3      | Noticed Natasha
  3157 | D:3      | Killed Natasha
  3190 | D:3      | Noticed Natasha
  3200 | D:3      | Killed Natasha
  3241 | D:4      | Found a white marble altar of Elyvilon.
  3248 | D:4      | Reached skill level 5 in Axes
  3248 | D:4      | Reached XP level 7. HP: 60/60 MP: 6/6
  3560 | D:4      | Found a staircase to the Ecumenical Temple.
  3927 | D:4      | Identified a scroll of acquirement
  3927 | D:4      | Acquired 939 gold pieces
  3934 | Temple   | Entered the Ecumenical Temple
  4132 | D:5      | Entered Level 5 of the Dungeon
  4225 | D:5      | Found a broken altar of Ashenzari.
  4240 | D:5      | Reached skill level 5 in Fighting
  4248 | D:5      | Became a worshipper of Ashenzari the Shackled
  4263 | D:5      | Found a radiant altar of Vehumet.
  4323 | D:5      | Found a shimmering altar of Xom.
  4323 | D:5      | Found a burning altar of Makhleb.
  4353 | D:5      | Reached skill level 5 in Shields
  4462 | D:5      | Found an iron altar of Okawaru.
  4489 | D:5      | Reached XP level 8. HP: 68/68 MP: 7/7
  5071 | D:5      | Found a blossoming altar of Fedhas.
  5516 | D:6      | Found a shadowy altar of Dithmenos.
  5522 | D:6      | Found a glowing golden altar of the Shining One.
  5524 | D:6      | You fall into a shaft and drop 2 floors!
  5751 | D:7      | Reached XP level 9. HP: 76/78 MP: 8/8
  5763 | D:7      | Reached skill level 1 in Maces & Flails
  5889 | D:7      | Found a flagged portal.
  5900 | Bailey   | Entered a bailey
  6329 | Bailey   | Reached skill level 5 in Maces & Flails
  6432 | Bailey   | Noticed an orc warlord
  6444 | Bailey   | Killed an orc warlord
  6445 | Bailey   | Reached XP level 10. HP: 35/88 MP: 9/9
  6658 | Bailey   | Acquired the scarf of Baldness {Str+3 Int+3}
  6760 | D:7      | Found an ornate altar of the Wu Jian Council.
  6829 | D:6      | Found a runed translucent door.
  6829 | D:6      | Noticed Dil's ghost (novice MiBe)
  6964 | D:6      | Found an ancient bone altar of Kikubaaqudgha.
  6966 | D:6      | Found a shimmering blue altar of Sif Muna.
  6970 | D:6      | Found a snail-covered altar of Cheibriados.
  7081 | D:6      | Found a sacrificial altar of Ru.
  7151 | D:6      | Killed Dil's ghost
  7366 | D:7      | Reached skill level 1 in Dodging
  7635 | D:7      | Noticed Prince Ribbit
  7642 | D:7      | Killed Prince Ribbit
  7643 | D:7      | Reached skill level 1 in Stealth
  7905 | D:8      | Found Ythrueru's Book Shoppe.
  7946 | D:8      | Reached * piety under Ashenzari
  8409 | D:8      | Found a stormy altar of Qazlal.
  8428 | D:8      | Reached skill level 10 in Armour
  9087 | D:9      | Noticed an oklob plant
  9190 | D:9      | Reached ** piety under Ashenzari
  9395 | D:9      | Noticed Erica
  9398 | D:9      | Noticed a two-headed ogre
  9403 | D:9      | a two-headed ogre changed into a glowing shapeshifter
  9403 | D:9      | Noticed a glowing shapeshifter (glowing shapeshifter)
  9403 | D:9      | a glowing shapeshifter changed into a water nymph
  9403 | D:9      | Noticed a water nymph (glowing shapeshifter)
  9406 | D:9      | a water nymph changed into a torpor snail
  9406 | D:9      | Noticed a torpor snail (glowing shapeshifter)
  9407 | D:9      | a torpor snail changed into a slime creature
  9414 | D:9      | a slime creature changed into a goliath frog
  9414 | D:9      | Noticed a goliath frog (glowing shapeshifter)
  9415 | D:9      | Killed Erica
  9416 | D:9      | Reached skill level 10 in Maces & Flails
  9416 | D:9      | Reached XP level 11. HP: 53/100 MP: 10/10
  9416 | D:9      | a goliath frog changed into a satyr
  9416 | D:9      | Noticed a satyr (glowing shapeshifter)
  9421 | D:9      | a satyr changed into an ettin
  9421 | D:9      | Noticed an ettin (glowing shapeshifter)
  9425 | D:9      | an ettin changed into a great orb of eyes
  9425 | D:9      | Noticed a great orb of eyes (glowing shapeshifter)
  9429 | D:9      | a great orb of eyes changed into a bunyip
  9429 | D:9      | Noticed a bunyip (glowing shapeshifter)
  9430 | D:9      | Slain by a bunyip (glowing shapeshifter)

Illustrated notes

Levels and vault maps discovered:
D:1:      dpeg_arrival_brainrot, layout_basic, hangedman_decor_growths,
          minmay_misc_feat_rugged, nicolae_titane
D:2:      minmay_recursive_quarters, layout_basic,
          dreamdust_ecumenical_altar_sealed_demon, serial_glass,
          glass_columns_c, glass_columns_a, hex_tiny
D:3:      layout_basic, ebering_ghost_reflecting_pool,
          minmay_misc_feat_four_crosses, uniq_ijyb, uniq_natasha
D:4:      layout_loops_ring, mainiacjoe_overflow_boulevard,
          minmay_temple_entry_stoned_glass
D:5:      minmay_octagon_keep, layout_rooms, lemuel_doored_altar,
          fiery_altar_vehumet, overflow_temple_1_default,
          mainiacjoe_overflow_24_doors, grunt_temple_overflow_champion_of_chaos,
          kennysheep_generic_room_9
D:6:      layout_rooms, minitemple, nicolae_ru_awakened_eye,
          hellmonk_ghost_happy_afterlife, chequers_decorated_corner,
          due_unseen_surprise
D:7:      minmay_spotlight, layout_loops_ring, nicolae_overflow_crystal_walls,
          enter_bailey_2, uniq_prince_ribbit1
D:8:      layout_basic, mainiacjoe_overflow_alcove_4, nicolae_take_the_stairs,
          st_stairs_6, hangedman_decor_opposing, minmay_statues_item
D:9:      layout_stronghold, disabler_island, uniq_erica
Temple:   nicolae_temple_bog_church

Skill      XL: |  1  2  3  4  5  6  7  8  9 10 |
---------------+-------------------------------+-----
Armour         | 4 5 6 7 9 10 | 10.4
Shields        | 4 5 7 |  7.9
Fighting       | 4 5 6 8 9 |  9.0
Axes           | 1 2 4 5 7 9 |  9.6
Maces & Flails | 6 10 | 10.1
Dodging        | 1 |  1.6
Stealth        | 1 |  1.2
Long Blades    | |  2.9

Action                     |  1- 3 |  4- 6 |  7- 9 | 10-12 || total
---------------------------+-------+-------+-------+-------++-------
  Melee: Long sword        |    42 |       |       |       ||    42
         Headbutt          |    10 |    14 |    40 |    21 ||    85
         Broad axe         |    37 |    64 |   114 |       ||   215
         Flail             |       |       |   132 |   163 ||   295
 Invoke: Curse Item        |       |       |       |     3 ||     3
    Use: Scroll            |     1 |     8 |     3 |     3 ||    15
         Potion            |       |     1 |     1 |     1 ||     3
 Armour: Plate armour      |    80 |    46 |   208 |   117 ||   451
  Dodge: Dodged            |    28 |    24 |   101 |    44 ||   197
  Block: Buckler           |    26 |    14 |     8 |       ||    48
         Kite shield       |       |       |   117 |   105 ||   222

Table legend: (Time is in decaauts)
 A = Elapsed time spent in this place.
 B = Non-inter-level travel time spent in this place.
 C = Inter-level travel time spent in this place.
 D = Time resting spent in this place.
 E = Time spent auto-exploring this place.
 F = Levels seen in this place.
 G = Mean time per level.
                   A        B        C        D        E       F      G
               +--------+--------+--------+--------+--------+-----+--------+
         Total |   9708 |   9131 |    577 |     10 |   7150 |  11 |  882.5 |
       Dungeon |   8621 |   8056 |    565 |     10 |   6361 |   9 |  957.9 |
        Temple |    200 |    188 |     12 |      0 |    179 |   1 |  200.0 |
        Bailey |    886 |    886 |      0 |      0 |    610 |   1 |  886.0 |
               +--------+--------+--------+--------+--------+-----+--------+

Top non-repeatable levels by time:
     D:5: 1299 daAuts
     D:8: 1180 daAuts
     D:3: 1137 daAuts
     D:1: 1098 daAuts
     D:2: 1059 daAuts
  Bailey: 886 daAuts
     D:7: 824 daAuts
     D:4: 731 daAuts
     D:6: 694 daAuts
     D:9: 595 daAuts
  Temple: 200 daAuts
